 Dungeon Crawl Stone Soup version 0.18.1-48-g4cf74bf (webtiles) character file.

3861 MistressOfTheDunes the Martial Artist (level 9, -3/71 HPs)
             Began as a Mummy Monk on June 24, 2016.
             Slain by an unseen horror (7 damage)
             ... on level 8 of the Dungeon.
             The game lasted 00:24:57 (17344 turns).

MistressOfTheDunes the Martial Artist (Mummy Monk) Turns: 17344, Time: 00:24:57

Health: -3/71      AC:  4    Str: 14    XL:     9   Next: 99%
Magic:  9/9        EV:  9    Int: 10    God:
Gold:   485        SH: 10    Dex: 17    Spells: 0 memorised, 8 levels left

rFire  x . .     SeeInvis .       - Unarmed
rCold  + . .     Gourm    .     (no armour)
rNeg   + + +     Faith    .     n - +0 shield {Greatest Ally}
rPois  ∞         Spirit   .     (no helmet)
rElec  .         Dismiss  .     p - +0 cloak
rCorr  .         Reflect  .     (no gloves)
SustAt .         Harm     .     (no boots)
MR     +....                    (no amulet)
Stlth  ++........               (no ring)
                                k - +3 ring of protection

@: somewhat resistant to hostile enchantments, unstealthy
A: no food or potions, fire vulnerability, cold resistance 1, negative energy
resistance 3, torment resistance, unbreathing
a: no special abilities


You were on level 8 of the Dungeon.
You were not hungry.

You visited 1 branch of the dungeon, and saw 8 of its levels.

You collected 485 gold pieces.


Innate Abilities, Weirdness & Mutations

You do not eat or drink.
Your flesh is vulnerable to fire.
You are immune to poison.
Your flesh is cold resistant.
You are immune to negative energy.
You are immune to unholy pain and torment.
You can survive without breathing.


   Skills:
 + Level 6.6 Fighting
 - Level 6.1 Dodging
 - Level 1.5 Stealth
 - Level 6.0 Shields
 - Level 8.0 Unarmed Combat


You had 8 spell levels left.
You didn't know any spells.

Inventory:

Armour
 n - a +0 shield (worn) {Greatest Ally}
 p - a +0 cloak (worn)
Jewellery
 c - an uncursed amulet of rage {unknown}
 g - an uncursed amulet of rage {unknown}
 k - a +3 ring of protection (left hand)
 o - an uncursed amulet of regeneration {unknown}
Scrolls
 a - 6 scrolls of remove curse
 b - 2 scrolls of noise {unknown}
 d - 2 scrolls of immolation {unknown}
 e - 6 scrolls of fear {unknown}
 f - 3 scrolls of recharging {unknown}
 h - 4 scrolls of enchant weapon {unknown}
 i - a scroll of amnesia {unknown}
 j - 7 scrolls of identify {unknown}
 l - 2 scrolls of magic mapping {unknown}
 m - a scroll of blinking {unknown}
 q - 3 scrolls of teleportation {unknown}

Dungeon Overview and Level Annotations

Branches:
Dungeon (8/15)             Temple (0/1) D:4
   Lair: D:8-11

Altars:
Cheibriados
Elyvilon
Fedhas
Gozag
Kikubaaqudgha
Makhleb
Okawaru
Pakellas
Sif Muna
Trog
Vehumet
Xom
Zin
The Shining One

Annotations:
D:2 8 exclusions, Sigmund
D:5 Prince Ribbit
D:7 !Hill

▒▒▒▒.▒P..▒.o▒..▒...........▒▒▒▒▒▒
..▒▒.▒P_P▒.o▒▒'▒..........▒▒▒▒▒▒▒
..▒▒.▒P..▒▒.'..▒....!.....▒▒
...▒.▒▒P.P▒.▒.o▒....▒▒▒▒+▒▒▒
...▒..▒..P▒.▒..▒....▒.....▒▒ ▒.▒
...▒..........C▒....'.....▒▒ ...
...▒...........▒....▒.....▒▒ ▒.▒
▒▒▒▒▒▒▒▒P.P▒▒▒'▒....▒.....▒▒ ▒▒.▒
.......▒...▒▒...M...▒.....▒▒ ...
.......▒▒..P▒.......▒▒▒+▒▒▒▒▒▒▒.▒
........▒._.▒.......▒.....▒▒.▒▒.▒
........▒P..▒.......▒.....'†.....
........▒▒▒▒▒.......▒...†)▒▒.▒▒.▒
....................'.....▒▒▒▒▒.▒
.▒▒▒▒▒▒▒............▒)....▒▒▒▒£..
.▒.....▒.......[....▒▒▒▒▒▒▒▒▒▒▒▒▒
.▒.....'..>.................▒▒▒▒▒


There were no monsters in sight!


Message History

You see here a black bear corpse!
Something hits you!
There is an open door, spattered with blood here!
Something hits you! Something hits you!!! * * * don't die
* * * You see here a necrophage corpse!
Something completely misses you! Something hits you! * * * don't die
* * * Something hits you!!! * * * don't die
* * * You open the door!
Something hits you! * * * don't die
* * * You block something's attack!
There is an open door here!
Something barely misses you! Something hits you! * * * don't die
* * * Something hits you! * * * don't die
* * * Something barely misses you!
Something hits you! * * * don't die
* * *
There is a stone staircase leading up here!
Enter note: I HATE YOU Warning, next level annotated: !!.Hill Enter next level anyway?
Something hits you!!! rip

Action                   |  1- 3 |  4- 6 |  7- 9 || total
-------------------------+-------+-------+-------++-------
Melee: Unarmed           |   262 |   253 |   923 ||  1438
       Punch             |     9 |    10 |    22 ||    41
  Use: Scroll            |       |       |     1 ||     1
 Stab: Sleeping          |       |     7 |     7 ||    14
       Distracted        |       |       |     3 ||     3
Armor: Skin              |       |    23 |   115 ||   138
Dodge: Dodged            |   117 |   133 |   564 ||   814
Block: Shield            |       |       |   127 ||   127

Vault maps used:
D:1:      minmay_arrival_doors, lexackson_kobold_supper
D:2:      first_bread, minivault_24, uniq_sigmund
D:4:      minmay_temple_entry_from_below_a, lemuel_old_faithful
D:5:      grunt_ministairs_1, kennysheep_windowed_goal
D:6:      grunt_temple_overflow_gold_and_silver, minitemple,
          nicolae_ossuary_entry_giza, uniq_crazy_yiuf_cottage,
          uniq_prince_ribbit1
D:7:      grunt_livestock, fedhas_altar_fruit_tree, uniq_menkaure
D:8:      hangedman_cross_veins, grunt_temple_overflow_growth_and_decay,
          serial_glass, glass_columns_b, glass_columns_b

Notes
Turn   | Place    | Note
--------------------------------------------------------------
     0 | D:1      | MistressOfTheDunes the Mummy Monk began the quest for the Orb.
     0 | D:1      | Reached XP level 1. HP: 18/18 MP: 1/1
    89 | D:1      | Reached XP level 2. HP: 20/24 MP: 2/2
   436 | D:1      | Reached skill level 4 in Unarmed Combat
   810 | D:1      | HP: 2/24 [giant gecko (4)]
   814 | D:1      | Reached XP level 3. HP: 2/29 MP: 3/3
  2683 | D:2      | Reached XP level 4. HP: 19/35 MP: 4/4
  3269 | D:2      | Noticed Sigmund
  3329 | D:2      | Reached skill level 5 in Unarmed Combat
  4001 | D:3      | Reached XP level 5. HP: 6/41 MP: 5/5
  5124 | D:3      | Reached skill level 4 in Fighting
  5285 | D:4      | Noticed an ogre
  5312 | D:4      | Reached XP level 6. HP: 48/48 MP: 6/6
  5365 | D:4      | Reached skill level 3 in Dodging
  5967 | D:4      | Reached skill level 4 in Dodging
  6189 | D:4      | Reached XP level 7. HP: 54/54 MP: 7/7
  6990 | D:4      | Found a staircase to the Ecumenical Temple.
  7123 | D:5      | Entered Level 5 of the Dungeon
  7267 | D:4      | Reached skill level 6 in Unarmed Combat
  8390 | D:5      | Reached skill level 5 in Fighting
  8715 | D:5      | Reached skill level 5 in Dodging
  8715 | D:5      | Reached XP level 8. HP: 58/63 MP: 8/8
  9430 | D:6      | Noticed Prince Ribbit
  9839 | D:6      | Reached skill level 6 in Dodging
 10122 | D:6      | Reached skill level 6 in Fighting
 10922 | D:6      | Reached skill level 1 in Shields
 11555 | D:6      | Found an opulent altar of Gozag.
 11556 | D:6      | Found a glowing silver altar of Zin.
 11593 | D:6      | Reached skill level 2 in Shields
 11670 | D:6      | Reached skill level 3 in Shields
 11836 | D:6      | Found a shimmering altar of Xom.
 11840 | D:6      | Found an oddly glowing altar of Pakellas.
 11841 | D:6      | Found an iron altar of Okawaru.
 11842 | D:6      | Found a white marble altar of Elyvilon.
 11842 | D:6      | Found a bloodstained altar of Trog.
 11842 | D:6      | Found a radiant altar of Vehumet.
 11842 | D:6      | Found a glowing golden altar of the Shining One.
 11843 | D:6      | Found a burning altar of Makhleb.
 11845 | D:6      | Found a snail-covered altar of Cheibriados.
 11846 | D:6      | Found a deep blue altar of Sif Muna.
 12509 | D:6      | Noticed Crazy Yiuf
 12517 | D:6      | Killed Crazy Yiuf
 12729 | D:6      | Reached XP level 9. HP: 69/71 MP: 9/9
 12798 | D:7      | Noticed Menkaure
 12895 | D:7      | Killed Menkaure
 12895 | D:7      | Reached skill level 4 in Shields
 13910 | D:7      | Reached skill level 5 in Shields
 15017 | D:6      | Reached skill level 6 in Shields
 15591 | D:7      | Found a blossoming altar of Fedhas.
 15940 | D:8      | Found an ancient bone altar of Kikubaaqudgha.
 15942 | D:8      | Found a blossoming altar of Fedhas.
 16050 | D:8      | Reached skill level 7 in Unarmed Combat
 16467 | D:8      | Noticed a hill giant
 16813 | D:7      | the good old hill giant on D8 and when you retreat there's a huge orc pack
 16813 | D:7      | never gets old
 17190 | D:8      | Reached skill level 8 in Unarmed Combat
 17324 | D:8      | oh fuck you
 17341 | D:8      | HP: 6/71 [something (2)]
 17344 | D:8      | I HATE YOU
 17344 | D:8      | Slain by an unseen horror

Vanquished Creatures
  A human (D:6)
  Menkaure (D:7)
  2 ice beasts
  2 phantoms
  An orc warrior (D:8)
  A sky beast (D:6)
  A black bear (D:8)
  7 ogres
  3 centaurs
  A necrophage (D:8)
  3 giant frogs
  A gnoll sergeant (D:7)
  2 scorpions
  A wight (D:8)
  3 howler monkeys
  4 crimson imps
  2 giant frog zombies
  A jelly (D:8)
  A quasit (D:6)
  3 orc priests
  10 orc wizards
  Crazy Yiuf (D:6)
  2 giant frog skeletons (D:7)
  3 iguanas
  9 worker ants
  A killer bee zombie (D:7)
  4 sheep (D:7)
  2 hound zombies
  A mummy (D:6)
  7 gnolls
  17 adders
  6 shadow imps
  An ooze (D:3)
  An adder skeleton (D:7)
  A worm (D:2)
  7 dart slugs
  10 giant geckos
  24 orcs
  3 giant cockroaches
  14 hobgoblins
  13 jackals
  8 kobolds
  2 quokkas (D:4)
  2 ball pythons
  8 bats
  A giant gecko zombie (D:8)
  7 giant newts
  8 goblins
  A goblin zombie (D:6)
  A hobgoblin zombie (D:6)
  A jackal skeleton (D:4)
  9 rats
  A bush (D:1)
227 creatures vanquished.

Vanquished Creatures (others)
  An orc wizard (D:4)
  An orc (D:4)
2 creatures vanquished.

Grand Total: 229 creatures vanquished
